Map: Triton LE

Players

ViBE - Winner!

  • Race: Protoss Protoss
  • League: Diamond
  • Spawn Location: 11:00

DaftMatter

  • Race: Zerg Zerg
  • League: Diamond
  • Spawn Location: 5:00

VOD

Have the link to the VOD?

Description

Time

  • Played on: Dec. 18, 2019, 7:59 p.m.
  • Length: 13:12
Show
View Real Time Build Order
Export as new Build Order

ViBE Protoss - Winner!

Build Orders: 1 Gate Expand, Carriers 

Get SALT Encoding   

  12  0:00  Probe  
  13  0:12  Probe  
  14  0:22  Pylon  
  14  0:25  Probe  
  15  0:40  Probe (Chrono Boost)  
  16  0:45  Gateway  
  16  0:50  Assimilator  
  16  0:52  Probe (Chrono Boost)  
  17  0:58  Probe (Chrono Boost)  
  18  1:07  Probe  
  19  1:19  Probe  
  20  1:31  Probe  
  20  1:32  Nexus  
  21  1:41  Cybernetics Core  
  21  1:44  Probe  
  22  1:51  Pylon  
  22  1:53  Assimilator  
  22  1:57  Probe  
  23  2:09  Probe  
  24  2:17  Adept  
  24  2:18  Warp Gate  
  26  2:23  Probe (Chrono Boost)  
  27  2:32  Pylon  
  27  2:34  Probe (Chrono Boost)  
  29  2:45  Probe x2 (Chrono Boost)  
  29  2:48  Stargate  
  29  2:49  Adept  
  32  2:53  Probe (Chrono Boost)  
  32  2:56  Probe (Chrono Boost)  
  34  2:59  Probe  
  36  3:07  Probe (Chrono Boost)  
  36  3:09  Gateway  
  36  3:12  Probe (Chrono Boost)  
  37  3:19  Adept  
  40  3:22  Probe (Chrono Boost)  
  40  3:23  Probe (Chrono Boost)  
  41  3:31  Probe (Chrono Boost)  
  43  3:34  Void Ray  
  43  3:36  Probe (Chrono Boost)  
  45  3:51  Shield Battery  
  45  4:00  Probe  
  45  4:01  Probe  
  47  4:04  Assimilator  
  47  4:05  Assimilator  
  47  4:07  Pylon  
  47  4:08  Adept x2  
  47  4:09  Pylon  
  51  4:23  Probe x2  
  53  4:24  Void Ray  
  57  4:31  Adept  
  57  4:32  Adept  
  57  4:36  Probe x2 (Chrono Boost)  
  63  4:42  Protoss Air Weapons Level 1  
  63  4:47  Nexus  
  63  4:49  Pylon  
  63  4:52  Probe x2 (Chrono Boost)  
  63  4:53  Pylon  
  63  4:55  Forge  
  65  5:04  Probe x2  
  67  5:11  Shield Battery  
  67  5:16  Probe  
  67  5:17  Probe  
  67  5:18  Protoss Shields Level 1  
  69  5:24  Void Ray  
  69  5:28  Probe  
  74  5:29  Probe (Chrono Boost)  
  75  5:40  Probe (Chrono Boost)  
  75  5:41  Probe (Chrono Boost)  
  77  5:42  Stargate  
  77  5:49  Fleet Beacon  
  79  5:50  Probe x2 (Chrono Boost)  
  79  5:54  Probe (Chrono Boost)  
  79  5:55  Probe  
  81  6:06  Probe  
  81  6:07  Probe  
  83  6:15  Void Ray  
  83  6:16  Probe  
  88  6:18  Probe  
  88  6:19  Probe  
  90  6:28  Probe  
  90  6:31  Probe x2  
  93  6:35  Assimilator  
  93  6:36  Void Ray  
  93  6:37  Assimilator  
  93  6:38  Unknown  
  97  6:40  Probe  
  97  6:43  Probe x2  
  97  6:46  Twilight Council  
  100  6:50  Protoss Air Weapons Level 2 (Chrono Boost)  
  100  6:52  Probe  
  101  7:00  Pylon  
  101  7:04  Nexus, Photon Cannon  
  101  7:06  Photon Cannon  
  101  7:09  Photon Cannon  
  101  7:11  Photon Cannon  
  101  7:13  Photon Cannon  
  101  7:15  Shield Battery  
  101  7:16  Probe  
  101  7:17  Shield Battery  
  101  7:18  Void Ray, Probe x2  
  101  7:21  Shield Battery  
  107  7:28  Probe  
  108  7:42  Nexus  
  108  7:46  Pylon  
  108  7:48  Pylon  
  108  7:50  Pylon  
  108  7:51  Probe  
  109  8:03  Void Ray  
  109  8:04  Probe x2  
  115  8:07  Mothership  
  115  8:08  Void Ray  
  115  8:09  Photon Cannon  
  115  8:11  Photon Cannon  
  127  8:13  Photon Cannon  
  127  8:16  Probe x2, Photon Cannon  
  127  8:19  Protoss Shields Level 2 (Chrono Boost)  
  129  8:20  Photon Cannon  
  129  8:24  Shield Battery  
  129  8:25  Shield Battery  
  129  8:26  Pylon  
  129  8:27  Shield Battery  
  129  8:28  Probe x2  
  129  8:29  Pylon  
  129  8:30  Shield Battery  
  129  8:33  Shield Battery, Pylon  
  131  8:37  Pylon  
  131  8:49  Carrier  
  131  8:51  Carrier  
  131  8:52  Probe x2  
  145  9:04  Probe x2  
  147  9:11  Assimilator  
  147  9:13  Assimilator  
  147  9:20  Nexus  
  147  9:23  Pylon, Protoss Air Weapons Level 3 (Chrono Boost)  
  147  9:26  Pylon  
  147  9:33  Stargate  
  147  9:34  Stargate  
  147  9:37  Stargate  
  147  9:53  Carrier (Chrono Boost)  
  147  9:55  Templar Archives  
  147  9:57  Carrier (Chrono Boost)  
  159  10:05  Photon Cannon  
  159  10:07  Photon Cannon  
  159  10:08  Photon Cannon  
  159  10:12  Photon Cannon  
  159  10:13  Photon Cannon  
  159  10:14  Photon Cannon  
  159  10:17  Shield Battery  
  159  10:19  Carrier (Chrono Boost)  
  159  10:20  Shield Battery, Carrier (Chrono Boost)  
  171  10:22  Shield Battery  
  171  10:23  Shield Battery  
  171  10:25  Shield Battery  
  171  10:28  Shield Battery  
  171  10:35  Assimilator  
  171  10:39  Assimilator  
  171  10:41  Carrier (Chrono Boost)  
  175  11:05  Photon Cannon  
  175  11:08  Shield Battery x2  
  175  11:13  Gateway x2  
  175  11:16  Gateway  
  175  11:18  Gateway  
  175  11:21  Gateway  
  175  11:24  Gateway  
  175  11:26  Gateway, Charge  
  175  11:28  Gateway  
  175  11:31  Gateway  
  175  11:33  Gateway  
  175  11:35  Gateway  
  175  11:36  Robotics Facility  
  175  11:37  Gateway  
  175  11:38  Gateway  
  175  11:48  Carrier x3  
  193  12:04  Photon Cannon  
  187  12:09  Photon Cannon  
  187  12:11  Photon Cannon  
  187  12:12  Shield Battery  
  187  12:15  Photon Cannon  
  193  12:23  Observer  
  194  12:45  Observer  
  194  12:46  Nexus  
  194  12:47  Pylon  
  194  12:50  Pylon  
  195  12:52  Pylon  
Show
View Real Time Build Order
Export as new Build Order

DaftMatter Zerg 

Build Orders: Hatch First 

Get SALT Encoding   

  12  0:01  Drone  
  13  0:13  Overlord  
  13  0:17  Drone  
  14  0:32  Drone x2  
  16  0:49  Hatchery  
  15  0:53  Drone  
  15  0:55  Drone  
  17  0:59  Drone  
  18  1:09  Extractor  
  17  1:15  Spawning Pool  
  17  1:18  Drone  
  17  1:20  Drone  
  18  1:29  Drone  
  19  1:42  Drone  
  20  1:52  Overlord  
  20  2:02  Queen x2  
  20  2:03  Zergling x2  
  20  2:04  Zergling x2  
  26  2:12  Metabolic Boost  
  26  2:14  Drone x2  
  28  2:24  Drone x2  
  30  2:39  Drone x2  
  30  2:40  Queen  
  34  2:46  Overlord  
  34  2:50  Drone  
  35  2:56  Hatchery  
  34  3:01  Drone x2  
  36  3:06  Drone x2  
  36  3:11  Zergling x4  
  36  3:12  Zergling x2  
  41  3:14  Zergling x6  
  44  3:45  Overlord  
  44  3:46  Overlord x2  
  44  4:04  Drone x7  
  44  4:09  Queen  
  52  4:28  Drone  
  52  4:29  Drone x9  
  62  4:32  Lair  
  62  4:36  Baneling Nest  
  61  4:47  Zergling x2, Extractor  
  61  4:48  Zergling x10, Extractor  
  61  4:51  Drone  
  66  5:00  Drone x3  
  66  5:02  Drone x3  
  66  5:06  Zergling x4  
  74  5:08  Overlord x3  
  74  5:19  Spore Crawler  
  74  5:20  Queen  
  74  5:21  Spore Crawler  
  74  5:22  Spore Crawler  
  74  5:23  Drone  
  74  5:27  Drone  
  75  5:28  Drone  
  73  5:39  Queen  
  75  5:45  Extractor  
  75  5:46  Drone x3, Hydralisk Den  
  75  5:47  Drone x2  
  75  5:48  Queen  
  80  5:51  Centrifical Hooks  
  80  5:53  Zergling x12  
  86  5:59  Overlord  
  86  6:00  Overlord  
  86  6:06  Drone x2  
  86  6:14  Hydralisk  
  88  6:27  Hydralisk x4  
  88  6:28  Hydralisk x4  
  104  6:46  Drone  
  105  6:56  Drone, Extractor  
  105  6:57  Overlord x6, Extractor  
  105  6:59  Drone  
  105  7:14  Drone, Hatchery  
  105  7:15  Drone x7  
  112  7:19  Drone  
  112  7:20  Drone  
  114  7:25  Drone x3  
  114  7:27  Hatchery  
  110  7:34  Zergling x14  
  113  7:40  Grooved Spines  
  113  7:55  Infestation Pit  
  113  7:56  Drone x3  
  113  7:57  Evolution Chamber  
  114  7:59  Evolution Chamber  
  113  8:06  Baneling x8  
  113  8:07  Hydralisk x8  
  129  8:13  Drone x5  
  130  8:44  Drone x9  
  130  8:45  Drone x8  
  130  8:47  Extractor  
  146  8:49  Extractor  
  146  8:52  Hydralisk  
  146  8:53  Hydralisk x2  
  151  9:00  Drone x3  
  151  9:02  Hatchery  
  153  9:12  Hydralisk x2  
  153  9:14  Overlord x2  
  153  9:15  Overlord x4  
  157  9:19  Zerg Ground Armor Level 1, Zerg Missile Weapons Level 1  
  158  9:33  Overlord x2, Hydralisk  
  158  9:34  Hydralisk x9  
  178  9:40  Muscular Augments  
  178  9:45  Hatchery  
  171  9:55  Drone x2  
  171  9:56  Drone x3  
  171  9:57  Drone  
  177  10:00  Spore Crawler  
  177  10:01  Drone x3  
  177  10:02  Spore Crawler  
  177  10:03  Spore Crawler  
  177  10:04  Hydralisk x5  
  187  10:10  Hydralisk x5  
  195  10:22  Hydralisk x2  
  199  10:34  Zergling x2  
  168  10:52  Hydralisk x7  
  168  10:53  Hydralisk x10  
  185  11:10  Queen  
  187  11:12  Hydralisk x6  
  194  11:49  Hatchery  
  177  11:59  Hydralisk x18  
  167  12:12  Hydralisk x6  
  157  12:42  Hydralisk x12  
  157  12:43  Hydralisk  
Tags
 
Add a new tag
Caveats
  • Supply blocks, unpowered buildings, or Contaminate may cause inaccurate times.
  • Supply counts are checked every 10 seconds.